 Dungeon Crawl Stone Soup version 0.30.0-30-g96aa6591b8 (webtiles) character file.

Game seed: 5873318822730669672

1383 Ayven the Skirmisher (level 8, 0/62 HPs)
             Began as a Minotaur Hunter on June 30, 2023.
             Engulfed by a cloud of flame (21 damage)
             ... on level 6 of the Dungeon.
             The game lasted 00:27:00 (6004 turns).

Ayven the Skirmisher (Minotaur Hunter)              Turns: 6004, Time: 00:27:00

Health: 0/62       AC: 10    Str: 15    XL:     8   Next: 40%
Magic:  16/16      EV: 16    Int:  6    God:
Gold:   248        SH:  0    Dex: 17    Spells: 7/7 levels left

rFire   . . .        a - +0 shortbow
rCold   . . .        (shield currently unavailable)
rNeg    . . .        c - +0 leather armour
rPois   .            n - +2 hat
rElec   .            w - +2 cloak
rCorr   .            (no gloves)
SInv    .            m - +1 pair of boots
Will    .....        (no amulet)
Stlth   ++           g - ring of magical power
HPRegen 0.30/turn    p - ring of wizardry
MPRegen 0.15/turn

%: wizardry (x1)
@: no status effects
A: horns 2, retaliatory headbutt
a: no special abilities


You were on level 6 of the Dungeon.
You visited 1 branch of the dungeon, and saw 6 of its levels.
You also visited: Sewer.

You collected 248 gold pieces.

Inventory:

Hand Weapons
 a - a +0 shortbow (weapon)
 f - a +2 dagger of pain
 q - a +0 arbalest
 G - a +1 spectral quarterstaff
Armour
 c - a +0 leather armour (worn)
 h - a +0 cloak
 m - a +1 pair of boots (worn)
 n - a +2 hat (worn)
 w - a +2 cloak (worn)
 E - a +0 leather armour of cold resistance
Jewellery
 g - a ring of magical power (left hand)
 p - a ring of wizardry (right hand)
 y - a +4 ring of slaying
 C - an amulet of faith
Scrolls
 b - 3 scrolls of immolation
 d - 2 scrolls of enchant armour
 l - 2 scrolls of enchant weapon
 r - 3 scrolls of identify
 v - 6 scrolls of poison
 A - a scroll of magic mapping
 B - a scroll of blinking {unknown}
 F - a scroll of amnesia
 H - a scroll of brand weapon {unknown}
Potions
 e - 2 potions of berserk rage
 i - 4 potions of brilliance {unknown}
 j - 2 potions of magic {unknown}
 k - 2 potions of curing
 o - a potion of might {unknown}
 s - a potion of mutation {unknown}
 t - 3 potions of lignification {unknown}
 u - a potion of degeneration {unknown}
 x - 2 potions of cancellation {unknown}
 z - a potion of heal wounds {unknown}
 D - a potion of invisibility {unknown}


   Skills:
 - Level 2.4 Fighting
 * Level 9.5 Ranged Weapons
 * Level 8.0 Dodging
 - Level 0.7 Stealth


You had 7 spell levels left.
You didn't know any spells.
Your spell library contained the following spells:

 Spells                   Type           Power      Damage    Failure   Level
 Magic Dart               Conj           0%         1d3       24%         1
 Call Imp                 Summ           0%         N/A       34%         2
 Mephitic Cloud           Conj/Pois/Air  0%         N/A       56%         3
 Leda's Liquefaction      Hex/Erth       0%         N/A       91%         4
 Lee's Rapid Deconstruct  Erth           0%         3d4*      99%         5
 Statue Form              Tmut/Erth      0%         N/A       100%        6
 Borgnjor's Revivificati  Necr           0%         N/A       100%        8
 Necromutation            Tmut/Necr      0%         N/A       100%        8
 Death's Door             Necr           0%         N/A       100%        9


Dungeon Overview and Level Annotations

Branches:
Dungeon (6/15)              Sewer (visited)
 Temple: D:4-7

Altars:
Cheibriados
Vehumet

Shops:
D:4 :


Innate Abilities, Weirdness & Mutations

You have a pair of horns on your head.
You reflexively headbutt those who attack you in melee.


Message History

The scorpion barely misses you.
The scorpion stings you but does no damage.
You shoot an arrow. The arrow barely misses the scorpion.
The scorpion closely misses you. You furiously retaliate!
You headbutt the scorpion, but do no damage.
You shoot an arrow. The arrow hits the scorpion!
You kill the scorpion!
Found a runed quarterstaff and a chain mail.
You see here a +1 spectral quarterstaff.
G - a +1 spectral quarterstaff
x - 2 glowing purple potions (gained 1)
Found a trident.
Found a robe.
H - a scroll labelled ROKOH FANTAT Really walk into a travel-excluded area? [Y]es or [N]o only, please.
Really walk into a travel-excluded area?
Okay, then.
Found a ring mail.
A gnoll comes into view. It is wielding a +0 club.
Found a club.
The gnoll shouts!
Really walk into a travel-excluded area?
Okay, then.
Fire: a) +0 shortbow
Press: ? - help, Q - select action Shift-Dir - straight line, f - gnoll
Aim: a gnoll, wielding a +0 club (69% to hit)
You shoot an arrow. The arrow hits the gnoll.
The gnoll is heavily wounded.
Fire: a) +0 shortbow
Press: ? - help, Q - select action Shift-Dir - straight line, f/p - gnoll
Aim: a gnoll, wielding a +0 club (heavily wounded, 69% to hit)
You shoot an arrow. The arrow hits the gnoll!
You kill the gnoll!
Your Dodging skill increases to level 8!
Really walk into a travel-excluded area?
You are engulfed in blazing flames.
You are engulfed in blazing flames.
You are engulfed in blazing flames.
You die...

.....##.# ..#
#.#.#.#.#####.#
.#.#.#.#....#.#
#.#.#.#.##..#.#
.#.#.#.#.#..#.####
#.#.#.#.##..#....##
.#.#.#.#....#.##..####..
#.#.#.#.##.....§.§.)....
.#.#.#.#.#..####@####[.)
#.#.#. ###.# #§# .
.#.#.# ..# #§# #.#.#.#
#..####### .#.#.#.#
##..°○#8#..
#.#.#.#.##..#########
.#.#.#.#.#..# ##.##
###### #.#.#.#.#...# #.#
#.....
.#.#.#.#.##.####.##
#.###.


There were no monsters in sight!

Vanquished Creatures
  The ghost of Henri the Sneak, an amateur VSEn of Wu Jian (D:6)
  An ice beast (D:6)
  2 ogres
  A phantom (D:6)
  5 scorpions
  A howler monkey (D:6)
  4 hounds
  A jelly (D:6)
  An iguana (D:4)
  3 orc wizards
  A statue (D:5)
  5 gnolls
  6 river rats
  8 adders
  A white imp (D:6)
  An ufetubus (D:5)
  3 worms
  5 dart slugs
  11 orcs
  12 ball pythons
  9 endoplasms
  4 giant cockroaches
  5 goblins
  6 hobgoblins
  7 kobolds
  3 quokkas
  4 bats
  7 frilled lizards
  12 rats
130 creatures vanquished.

Vanquished Creatures (others)
  4 gnolls (D:6)
4 creatures vanquished.

Grand Total: 134 creatures vanquished

Notes
Turn   | Place    | Note
-------+----------+-------------------------------------------
     0 | D:1      | Ayven the Minotaur Hunter began the quest for the Orb.
     0 | D:1      | Reached XP level 1. HP: 18/18 MP: 0/0
   251 | D:1      | Reached XP level 2. HP: 25/25 MP: 1/1
   465 | D:1      | Reached skill level 5 in Ranged Weapons
   893 | D:2      | Reached XP level 3. HP: 30/30 MP: 2/2
  1602 | D:3      | Found a faded altar of an unknown god.
  1638 | D:3      | Reached XP level 4. HP: 36/37 MP: 3/3
  2532 | D:4      | Reached skill level 6 in Ranged Weapons
  2588 | D:4      | Found Jeymas's Tiny Tomes.
  2616 | D:4      | Reached XP level 5. HP: 42/42 MP: 4/4
  2898 | D:4      | Reached XP level 6. HP: 50/50 MP: 5/5
  3341 | D:5      | Entered Level 5 of the Dungeon
  3377 | D:5      | Reached skill level 7 in Ranged Weapons
  3401 | D:5      | Reached skill level 5 in Dodging
  3648 | D:5      | Reached XP level 7. HP: 56/56 MP: 6/6
  3669 | D:5      | Found a radiant altar of Vehumet.
  3899 | D:5      | Found a glowing drain.
  3903 | Sewer    | Entered a sewer
  4416 | D:5      | Reached skill level 8 in Ranged Weapons
  4607 | D:5      | Found a snail-covered altar of Cheibriados.
  5652 | D:6      | Reached XP level 8. HP: 59/62 MP: 7/7
  5657 | D:6      | Reached skill level 9 in Ranged Weapons
  5714 | D:6      | Found a large runed translucent door.
  5714 | D:6      | Found a large runed translucent door.
  5720 | D:6      | Noticed Henri's ghost (amateur VSEn)
  5744 | D:6      | Killed Henri's ghost
  6004 | D:6      | Engulfed by a cloud of flame

Illustrated notes

Levels and vault maps discovered:
D:1:      dpeg_arrival_rooms_b, layout_loops_ring
D:2:      layout_loops_cross
D:3:      layout_rooms, serial_aquarium, aquarium_bridge_island_small
          [aquarium_subvault_small_open, aquarium_subvault_balcony,
          aquarium_subvault_wall, aquarium_subvault_bridge,
          aquarium_subvault_wall], aquarium_window_2, aquarium_window_double,
          aquarium_window_fake, aquarium_view_2d, aquarium_view_2c,
          aquarium_balcony_5a, aquarium_pool_double,
          ebering_ecumenical_altar_rust
D:4:      layout_cave_pods, minmay_misc_feat_more_columns,
          nicolae_shop_i_like_small_books_too
D:5:      layout_layer_cave, mainiacjoe_overflow_boulevard, vehumet_statue,
          gup_sewer_entry_bowl
D:6:      layout_basic, ebering_ghost_disaster_area, lemuel_flamethrower_2

Skill      XL: |  1  2  3  4  5  6  7  8 |
---------------+-------------------------+-----
Ranged Weapons | 5 6 7 8 9 |  9.5
Dodging        | 3 4 5 7 8 |  8.0
Fighting       | |  2.4
Stealth        | |  0.7

Action                     |  1- 3 |  4- 6 |  7- 9 || total
---------------------------+-------+-------+-------++-------
   Fire: Shortbow          |   109 |       |    61 ||   170
         Arbalest          |     7 |   107 |    88 ||   202
    Use: Scroll            |       |    10 |       ||    10
         Potion            |       |     5 |     4 ||     9
 Armour: Leather armour    |    17 |    23 |    42 ||    82
  Dodge: Dodged            |    48 |    87 |    96 ||   231
